[Event "Titled Tuesday Blitz December 13 Early 2022"]
[White "Kazakouski, Valery"]
[Black "Vokhidov, Shamsiddin"]
[WhiteFideId "13507443"]
[BlackFideId "14204223"]
[WhiteElo "2516"]
[BlackElo "2597"]
[Result "0-1"]
[Round "04"]
[TimeControl "180+1"]
[Date "2022.12.13"]
[WhiteClock "0:00:49"]
[BlackClock "0:01:05"]

1. Nf3 c5 2. c4 Nf6 3. b3 g6 4. g3 Bg7 5. Bb2 O-O 6. Bg2 Nc6 7. O-O d5 8. cxd5 Qxd5 9. Nc3 Qh5 10. Rc1 Bh3 11. Bxh3 Qxh3 12. Ng5 Qf5 13. f4 Rad8 14. Qc2 Qxc2 15. Rxc2 Nb4 16. Rfc1 Nxc2 17. Rxc2 b6 18. Nf3 Nd5 19. Nxd5 Rxd5 20. Bxg7 Kxg7 21. Kf2 h6 22. e3 g5 23. Ke2 g4 24. Ne5 h5 25. Nc6 Rd7 26. Ne5 Rc7 27. d4 Rfc8 28. d5 f6 29. Nc4 b5 30. Na3 a6 31. e4 f5 32. Ke3 fxe4 33. Kxe4 Rd8 34. Nb1 Kf6 35. f5 c4 36. b4 c3 37. Rxc3 Rxc3 38. Nxc3 Rc8 39. d6 Rc4+ 40. Kd3 exd6 41. Nd5+ Ke5 42. Nf4 Rxf4 0-1


[Site "https://www.chess.com"]

[Event "Titled Tuesday Blitz December 13 Early 2022"]
[White "Khamdamova, Afruza"]
[Black "Tsatsalashvili, Keti"]
[WhiteFideId "14210444"]
[BlackFideId "13603434"]
[WhiteElo "2018"]
[BlackElo "2220"]
[Result "0-1"]
[Round "04"]
[TimeControl "180+1"]
[Date "2022.12.14"]
[WhiteClock "0:00:13"]
[BlackClock "0:01:18"]

1. e4 c5 2. Nf3 d6 3. Bb5+ Nd7 4. O-O Nf6 5. Nc3 a6 6. Bxd7+ Bxd7 7. d4 cxd4 8. Qxd4 g6 9. Bg5 Bg7 10. Nd5 O-O 11. Bxf6 exf6 12. Rfd1 f5 13. Qb4 fxe4 14. Qxe4 Re8 15. Qb4 Bc6 16. Nb6 Bxf3 17. gxf3 Rb8 18. Rxd6 Qg5+ 19. Qg4 Qc5 20. Rad1 Qxc2 21. Nd7 Rbc8 22. R1d2 Qb1+ 23. Kg2 Rc1 24. Kh3 Rg1 25. Qc4 Qf5+ 26. Kh4 Qh5# 0-1


[Site "https://www.chess.com"]

[Event "Titled Tuesday Blitz December 13 Early 2022"]
[White "Kirillov, Dmitry"]
[Black "Nissinen, Niilo Man"]
[WhiteFideId "34180572"]
[BlackFideId "30950767"]
[WhiteElo "2111"]
[BlackElo "1896"]
[Result "1-0"]
[Round "04"]
[TimeControl "180+1"]
[Date "2022.12.14"]
[WhiteClock "0:02:30"]
[BlackClock "0:01:19"]

1. e4 c5 2. Nc3 Nc6 3. f4 g6 4. Nf3 Bg7 5. Bc4 d6 6. d3 e6 7. O-O Nge7 8. Qe1 O-O 9. f5 exf5 10. Qh4 Ne5 11. Nxe5 dxe5 12. Bg5 Qd4+ 13. Kh1 Nc6 14. Nd5 h5 15. c3 Qxc4 16. dxc4 fxe4 17. Qxe4 1-0


[Site "https://www.chess.com"]

[Event "Titled Tuesday Blitz December 13 Early 2022"]
[White "Kleiman, Jake"]
[Black "Gareyev, Timur"]
[WhiteFideId "2020041"]
[BlackFideId "14200937"]
[WhiteElo "2582"]
[BlackElo "2553"]
[Result "0-1"]
[Round "04"]
[TimeControl "180+1"]
[Date "2022.12.14"]
[WhiteClock "0:00:12"]
[BlackClock "0:00:04"]

1. Nf3 d6 2. g3 e5 3. Bg2 g6 4. O-O Bg7 5. e4 Nc6 6. c3 Nf6 7. d3 O-O 8. b4 b6 9. b5 Ne7 10. a4 a6 11. Na3 axb5 12. axb5 Bg4 13. Bb2 Qd7 14. Re1 Nh5 15. Qb3 h6 16. d4 Kh7 17. Nc4 Qe6 18. Qb4 Rxa1 19. Bxa1 f5 20. dxe5 fxe4 21. exd6 Nd5 22. Qb3 Bxf3 23. Bxf3 Rxf3 24. Nd2 Qxd6 25. Nxf3 exf3 26. c4 Bxa1 27. Rxa1 Ndf4 28. Qxf3 Ne6 29. Qf7+ Nhg7 30. Ra8 g5 31. Qf3 Qe5 32. Qd3+ Qf5 33. Qxf5+ Nxf5 34. Re8 Nfg7 35. Re7 Kg6 36. Kg2 Kf6 37. Rd7 Nf5 38. Kf3 Nd6 39. c5 Nxb5 40. cxb6 cxb6 41. Rb7 Nbd4+ 42. Ke4 Nc5+ 43. Kxd4 Nxb7 44. Kd5 Nd8 0-1


[Site "https://www.chess.com"]

[Event "Titled Tuesday Blitz December 13 Early 2022"]
[White "Koellner, Ruben Gideon"]
[Black "Javakhishvili, Lela"]
[WhiteFideId "12993093"]
[BlackFideId "13601458"]
[WhiteElo "2303"]
[BlackElo "2364"]
[Result "1-0"]
[Round "04"]
[TimeControl "180+1"]
[Date "2022.12.14"]
[WhiteClock "0:00:32"]
[BlackClock "0:00:04"]

1. d4 Nf6 2. Nf3 e6 3. Nbd2 d5 4. e3 Bd6 5. Bd3 c5 6. c3 Nc6 7. O-O O-O 8. dxc5 Bxc5 9. b4 Bd6 10. Bb2 e5 11. e4 Bg4 12. h3 Bh5 13. exd5 Nxd5 14. Qc2 Bg6 15. Bxg6 hxg6 16. Rfd1 Qc7 17. Nc4 Nce7 18. Nxd6 Qxd6 19. c4 Nxb4 20. Qc3 Qc5 21. Nxe5 Nf5 22. Nd7 Qe7 23. Nxf8 Qxf8 24. Ba3 a5 25. Rdb1 Rd8 26. Bxb4 axb4 27. Qxb4 Qe8 28. Qxb7 Nd4 29. Re1 Qa4 30. c5 Qc2 31. Qe7 Rd5 32. Rac1 Ne2+ 33. Qxe2 Rd2 34. Qe8+ Kh7 35. Rxc2 1-0


[Site "https://www.chess.com"]

[Event "Titled Tuesday Blitz December 13 Early 2022"]
[White "Kopylov, Alexander A."]
[Black "Domingo Nunez, Ruben"]
[WhiteFideId "4164857"]
[BlackFideId "22245570"]
[WhiteElo "2436"]
[BlackElo "2406"]
[Result "1-0"]
[Round "04"]
[TimeControl "180+1"]
[Date "2022.12.13"]
[WhiteClock "0:02:07"]
[BlackClock "0:01:49"]

1. e4 g6 2. Nf3 Bg7 3. d4 c6 4. Bd3 d5 5. Nbd2 Bg4 6. e5 f6 7. exf6 exf6 8. h3 Be6 9. h4 Bg4 10. h5 Qe7+ 11. Kf1 Bxh5 12. Rxh5 gxh5 13. Nh4 Qf7 14. Nf5 Bf8 15. Be2 Kd8 16. Bxh5 Qd7 17. Qf3 Na6 18. c3 Nc7 19. Nb3 Ne6 20. Bg4 h5 21. Bh3 Ng5 22. Bxg5 fxg5 23. Nh6 g4 24. Qxf8+ Qe8 25. Nf7+ Kc7 26. Qxe8 Rxe8 27. Nxh8 gxh3 28. gxh3 Nf6 29. Nf7 Rf8 30. Ng5 h4 31. Ne6+ 1-0


[Site "https://www.chess.com"]

[Event "Titled Tuesday Blitz December 13 Early 2022"]
[White "Kozlov, Gennady"]
[Black "Tan, Zhongyi"]
[WhiteFideId "4191668"]
[BlackFideId "8603642"]
[WhiteElo "2356"]
[BlackElo "2510"]
[Result "1/2-1/2"]
[Round "04"]
[TimeControl "180+1"]
[Date "2022.12.14"]
[WhiteClock "0:00:55"]
[BlackClock "0:00:12"]

1. b3 Nf6 2. Bb2 g6 3. e3 Bg7 4. f4 d6 5. Nf3 Nc6 6. Be2 O-O 7. O-O e5 8. fxe5 Nd7 9. d3 Ncxe5 10. Nxe5 dxe5 11. e4 c6 12. Nd2 Qe7 13. a4 Re8 14. Ba3 c5 15. Qe1 b6 16. Qf2 Nf8 17. Nc4 Ba6 18. Ne3 Bb7 19. Bg4 h5 20. Bh3 Rad8 21. Rae1 Ne6 22. Bxe6 Qxe6 23. Bc1 a6 24. Qh4 Rd7 25. g4 hxg4 26. Nxg4 f5 27. Nh6+ Bxh6 28. Qxh6 f4 29. Kh1 Rh7 30. Qg5 Rh5 31. Qg2 Re7 32. Re2 Reh7 33. Rg1 Kf7 34. Qf3 Rh3 35. Qf1 Qf6 36. Rf2 Ke8 37. Rgg2 Qh4 38. Qg1 Kf7 39. Rxg6 Rxh2+ 40. Rxh2 Qxh2+ 41. Qxh2 Rxh2+ 42. Kxh2 Kxg6 43. Kg2 Kf6 44. Kf3 Bc6 45. c3 Be8 46. d4 Bh5+ 47. Kf2 Bd1 48. dxc5 bxc5 49. b4 Bxa4 50. bxc5 a5 51. Bb2 Bc6 52. Kf3 a4 53. c4 Ke6 54. Ba3 Bb7 55. Bb2 Ba6 56. Ke2 Bxc4+ 57. Kf3 Bb5 58. Ba3 Bc4 59. Bb2 Bb5 60. Ba3 Be8 61. Bb2 Bh5+ 62. Kf2 Bd1 63. Ba3 Bc2 64. Kf3 Bd1+ 65. Kf2 f3 66. Bb2 Be2 67. Ba3 Kd7 68. Bb2 Kc6 69. Bxe5 Kxc5 70. Bb2 Kc4 71. e5 Kd5 72. Ke3 Ke6 73. Kf2 Kf5 74. Bc3 Bd1 75. Ba1 a3 76. Bc3 a2 77. Ba1 Ke6 78. Bb2 Kf5 79. Ba1 Ke4 80. Bb2 Bb3 81. Ba1 Bd5 82. Bb2 Kf4 83. Ba1 Be6 84. Bb2 Ke4 85. Ba1 Bg4 86. Bb2 Be6 87. Ba1 Bd5 88. Bb2 Kd3 89. Ba1 Kc2 90. e6 Bxe6 91. Kxf3 Kb1 92. Be5 a1=Q 93. Bxa1 1/2-1/2


[Site "https://www.chess.com"]

[Event "Titled Tuesday Blitz December 13 Early 2022"]
[White "Kriti Mayur Patel"]
[Black "Averjanov, Alexey"]
[WhiteFideId "35061780"]
[BlackFideId "14109867"]
[WhiteElo "1306"]
[BlackElo "2635"]
[Result "0-1"]
[Round "04"]
[TimeControl "180+1"]
[Date "2022.12.14"]
[WhiteClock "0:00:45"]
[BlackClock "0:00:41"]

1. e4 c6 2. d4 d5 3. exd5 cxd5 4. Bd3 Nc6 5. c3 Qc7 6. Ne2 Bg4 7. Bf4 Qxf4 8. Nxf4 Bxd1 9. Kxd1 e6 10. Re1 Nf6 11. Nd2 Bd6 12. Nh3 O-O 13. Nf3 Nd7 14. Kc2 Rac8 15. Kd2 a6 16. g4 b5 17. g5 Na5 18. g6 hxg6 19. Nhg5 Nb6 20. h4 Nac4+ 21. Kc2 b4 22. Rh1 bxc3 23. bxc3 Na3+ 24. Kd2 Na4 25. h5 Nxc3 26. hxg6 fxg6 27. Bxg6 Rf6 28. Bh7+ Kf8 29. Bd3 Ke7 30. Rh7 Bf4+ 31. Ke1 Kd6 32. Rxg7 Rh8 33. Nf7+ Rxf7 34. Rxf7 Rh1+ 35. Bf1 Nc2# 0-1


[Site "https://www.chess.com"]

[Event "Titled Tuesday Blitz December 13 Early 2022"]
[White "Lacasa Diaz, Jose Antonio"]
[Black "Tymrakiewicz, Rafal"]
[WhiteFideId "2203375"]
[BlackFideId "1108832"]
[WhiteElo "2338"]
[BlackElo "2139"]
[Result "0-1"]
[Round "04"]
[TimeControl "180+1"]
[Date "2022.12.14"]
[WhiteClock "0:00:15"]
[BlackClock "0:00:16"]

1. e4 Nf6 2. e5 Nd5 3. Nc3 c6 4. d4 d6 5. Nf3 Bg4 6. Nxd5 cxd5 7. h3 Bxf3 8. Qxf3 e6 9. Bd3 dxe5 10. dxe5 Nc6 11. Bf4 Qc7 12. O-O Be7 13. Rfe1 O-O-O 14. Bg3 Rdf8 15. c4 d4 16. a3 h5 17. b4 g5 18. Qe4 Rfg8 19. c5 a6 20. Rab1 h4 21. Bh2 g4 22. hxg4 h3 23. b5 axb5 24. Rxb5 hxg2 25. Reb1 f5 26. Qe2 Nd8 27. gxf5 Bg5 28. f6 Bf4 0-1


[Site "https://www.chess.com"]

[Event "Titled Tuesday Blitz December 13 Early 2022"]
[White "Lamaze, Simon"]
[Black "Goldin, Roman"]
[WhiteFideId "36069264"]
[BlackFideId "2803860"]
[WhiteElo "2272"]
[BlackElo "2312"]
[Result "1-0"]
[Round "04"]
[TimeControl "180+1"]
[Date "2022.12.14"]
[WhiteClock "0:00:18"]
[BlackClock "0:00:06"]

1. e4 Nc6 2. Nf3 e5 3. Bb5 a6 4. Ba4 Nf6 5. O-O Be7 6. Re1 d6 7. c3 Bg4 8. h3 Bh5 9. Bc2 O-O 10. d3 Nd7 11. Nbd2 Bg5 12. g4 Bxd2 13. Bxd2 Bg6 14. d4 exd4 15. cxd4 d5 16. e5 Re8 17. h4 Nf8 18. Bf5 Ne6 19. Be3 h5 20. Kh2 hxg4 21. Bxg4 Be4 22. Rg1 Bxf3 23. Qxf3 Qxh4+ 24. Qh3 Qxh3+ 25. Kxh3 Nexd4 26. Rac1 Rxe5 27. Bxd4 Nxd4 28. Rxc7 g6 29. Rxb7 Kg7 30. Kg3 Nf5+ 31. Bxf5 Rxf5 32. Re1 Rc8 33. Ree7 Rc2 34. f3 Rd2 35. Re3 d4 36. Ra3 Rb5 37. Rxb5 axb5 38. Rb3 g5 39. f4 gxf4+ 40. Kxf4 Kf6 41. Rxb5 Rd1 42. Rb6+ Ke7 43. Ke4 d3 44. Ke3 d2 45. Ke2 Ra1 46. Kxd2 Rxa2 47. Kc3 Ra7 48. Kc4 Rc7+ 49. Kd5 f6 50. b4 Kf7 51. Rd6 Kg6 52. b5 Kg5 53. b6 Rb7 54. Kc6 Rb8 55. Kc7 Rg8 56. b7 f5 57. Rd8 Rg7+ 58. Rd7 Rg8 59. Rd8 Rg7+ 60. Kc6 Rxb7 61. Kxb7 f4 62. Rf8 Kg4 63. Kc6 f3 64. Kd5 Kg3 65. Ke4 f2 66. Ke3 1-0


[Site "https://www.chess.com"]

[Event "Titled Tuesday Blitz December 13 Early 2022"]
[White "Lauridsen, Jesper Morch"]
[Black "Kodinets, Konstantin L."]
[WhiteFideId "1401890"]
[BlackFideId "4122011"]
[WhiteElo "2286"]
[BlackElo "2447"]
[Result "1-0"]
[Round "04"]
[TimeControl "180+1"]
[Date "2022.12.14"]
[WhiteClock "0:02:13"]
[BlackClock "0:03:04"]

1. e4 e5 2. Nf3 d6 3. d4 exd4 4. Qxd4 Nf6 5. Nc3 Be7 6. Bg5 h6 7. Bh4 Nc6 8. Bb5 O-O 9. Bxc6 bxc6 10. O-O-O Nd7 11. Bxe7 Qxe7 12. Rhe1 a5 13. e5 1-0


[Site "https://www.chess.com"]

[Event "Titled Tuesday Blitz December 13 Early 2022"]
[White "Lawson, Eric"]
[Black "Thorhallsson, Simon"]
[WhiteFideId "2604116"]
[BlackFideId "2310090"]
[WhiteElo "2526"]
[BlackElo "2108"]
[Result "0-1"]
[Round "04"]
[TimeControl "180+1"]
[Date "2022.12.14"]
[WhiteClock "0:00:20"]
[BlackClock "0:00:06"]

1. d4 Nf6 2. Bg5 d5 3. Bxf6 gxf6 4. e3 c5 5. f4 Nc6 6. c3 e5 7. Bb5 a6 8. Bxc6+ bxc6 9. Nf3 cxd4 10. exd4 e4 11. Nfd2 Rb8 12. b4 Rg8 13. g3 Bd6 14. Nf1 Bg4 15. Qa4 Rc8 16. Ne3 Bf3 17. Rf1 h5 18. Nd2 Kf8 19. Nxf3 exf3 20. Rxf3 h4 21. Kf2 Qc7 22. Qxa6 hxg3+ 23. hxg3 Re8 24. Qd3 Re4 25. a4 Bxf4 26. gxf4 Rxf4 27. Rxf4 Qxf4+ 28. Ke2 Qh2+ 29. Ke1 Rg1+ 30. Nf1 Qh4+ 31. Ke2 Rg2+ 32. Kd1 Qf2 33. Nd2 Rg1+ 34. Kc2 Rxa1 35. Kb2 Rxa4 36. b5 cxb5 37. Kb3 Qe1 38. Qxb5 Ra1 39. Qc5+ Kg7 40. Kc2 Ra2+ 41. Kb3 Qxd2 42. Qxd5 Qc2+ 43. Kc4 Ra4+ 44. Kb5 Ra3 45. c4 Qb3+ 46. Kc6 Ra6+ 47. Kd7 Ra7+ 48. Kd6 Qb6+ 49. Qc6 Qxc6+ 50. Kxc6 f5 51. d5 f4 52. d6 f3 53. Kb6 Ra8 54. c5 f2 55. Kb7 Rf8 56. d7 f1=Q 57. c6 Qb5+ 58. Kc7 Qb8# 0-1


[Site "https://www.chess.com"]

[Event "Titled Tuesday Blitz December 13 Early 2022"]
[White "Lehtosaari, Mauri"]
[Black "Zaichenko, Daria"]
[WhiteFideId "501999"]
[BlackFideId "4197453"]
[WhiteElo "2505"]
[BlackElo "2039"]
[Result "1-0"]
[Round "04"]
[TimeControl "180+1"]
[Date "2022.12.14"]
[WhiteClock "0:00:11"]
[BlackClock "0:00:03"]

1. d4 d5 2. Nf3 Bf5 3. c4 e6 4. Nc3 Be7 5. Qb3 Nd7 6. cxd5 exd5 7. Qxd5 Be6 8. Qxb7 Nb6 9. e3 Nf6 10. Bb5+ Bd7 11. Bxd7+ Nfxd7 12. O-O O-O 13. b3 f5 14. Bb2 a6 15. Ne5 Bd6 16. Ne2 Qh4 17. g3 Qh6 18. Nxd7 Nxd7 19. Kg2 Nf6 20. h4 Ng4 21. Nf4 g5 22. Qd5+ Kh8 23. Qe6 gxf4 24. Qxh6 Nxh6 25. gxf4 Kg8 26. Kf3 Kf7 27. Rac1 Ng4 28. Rg1 Rae8 29. Rc6 a5 30. Bc3 Rg8 31. Rg3 Nh2+ 32. Kg2 Rxg3+ 33. Kxg3 Ng4 34. Bxa5 Rg8 35. Kf3 Ra8 36. Bxc7 Rc8 37. Rxd6 Rxc7 38. Ke2 Rc2+ 39. Kd3 Rxa2 40. f3 Nf2+ 41. Kc4 Nd1 42. e4 Rf2 43. Rd7+ Kg6 44. exf5+ Kxf5 45. Rxh7 Kxf4 46. Rf7+ Ke3 47. h5 Rc2+ 48. Kd5 Nc3+ 49. Ke5 Nb5 50. d5 Rc5 51. h6 Nc3 52. Rd7 Kxf3 53. h7 Rc8 54. Rg7 Rh8 55. d6 Ke3 56. d7 Nb5 57. Rg8 Rxh7 58. d8=Q 1-0


[Site "https://www.chess.com"]

[Event "Titled Tuesday Blitz December 13 Early 2022"]
[White "Lenderman, Aleksandr"]
[Black "Moroni, Luca Jr"]
[WhiteFideId "2021285"]
[BlackFideId "865834"]
[WhiteElo "2607"]
[BlackElo "2573"]
[Result "1-0"]
[Round "04"]
[TimeControl "180+1"]
[Date "2022.12.13"]
[WhiteClock "0:01:55"]
[BlackClock "0:00:04"]

1. d4 d6 2. e4 e5 3. Nf3 exd4 4. Qxd4 Nf6 5. Bg5 Be7 6. Nc3 O-O 7. Bc4 Nc6 8. Qd2 Ne5 9. Nxe5 dxe5 10. O-O-O Qxd2+ 11. Rxd2 c6 12. a4 a5 13. Rhd1 h6 14. Bh4 Re8 15. f3 Bc5 16. Bf2 Bxf2 17. Rxf2 Be6 18. Bxe6 Rxe6 19. Rfd2 Kf8 20. b3 Ree8 21. Nb1 b5 22. Rd6 Rec8 23. Na3 Rab8 24. axb5 cxb5 25. Ra6 a4 26. bxa4 b4 27. Nb5 Rc5 28. Kb2 Rbc8 29. Rd2 Ne8 30. Kb3 Rc4 31. Rb6 f5 32. exf5 e4 33. fxe4 Rxe4 34. a5 Nf6 35. a6 Re1 36. Kb2 Ree8 37. a7 Ne4 38. Re2 Nc5 39. Rxe8+ Kxe8 40. Nd6+ Kd7 41. Nxc8 Na4+ 42. Kb3 Nxb6 43. Nxb6+ 1-0


[Site "https://www.chess.com"]

[Event "Titled Tuesday Blitz December 13 Early 2022"]
[White "Lortkipanidze, Nodar"]
[Black "Badelka, Olga"]
[WhiteFideId "13604058"]
[BlackFideId "13509926"]
[WhiteElo "2293"]
[BlackElo "2337"]
[Result "1-0"]
[Round "04"]
[TimeControl "180+1"]
[Date "2022.12.13"]
[WhiteClock "0:01:58"]
[BlackClock "0:00:04"]

1. e4 e5 2. Nf3 Nc6 3. d4 exd4 4. Nxd4 Bc5 5. Nxc6 Qf6 6. Qf3 Qxf3 7. gxf3 dxc6 8. Rg1 g6 9. Be3 Bxe3 10. fxe3 Nf6 11. Nd2 Be6 12. Bc4 Ke7 13. Bxe6 Kxe6 14. Ke2 Rad8 15. Nb3 Ke7 16. a4 b6 17. Nd4 c5 18. Nc6+ Ke6 19. Nxd8+ Rxd8 20. Rad1 Rb8 21. Rd2 Ne8 22. b3 Nd6 23. h4 h5 24. Rg5 a5 25. f4 c4 26. Kf3 cxb3 27. cxb3 Rh8 28. Rgd5 Rc8 29. e5 Nf5 30. e4 Ne7 31. Rd6+ 1-0


[Site "https://www.chess.com"]

[Event "Titled Tuesday Blitz December 13 Early 2022"]
[White "Madaminov, Mukhiddin"]
[Black "Aldokhin, Ivan"]
[WhiteFideId "14210703"]
[BlackFideId "24115720"]
[WhiteElo "2814"]
[BlackElo "2590"]
[Result "1-0"]
[Round "04"]
[TimeControl "180+1"]
[Date "2022.12.14"]
[WhiteClock "0:02:03"]
[BlackClock "0:00:04"]

1. d4 Nf6 2. Nc3 g6 3. e4 d6 4. f4 Bg7 5. Bd3 c5 6. dxc5 dxc5 7. e5 Nfd7 8. Nf3 Nc6 9. O-O O-O 10. Be3 b6 11. Qe2 Bb7 12. Rad1 Qc8 13. Be4 Rd8 14. h4 Nf8 15. h5 Ne6 16. hxg6 hxg6 17. Qf2 Nb4 18. Rxd8+ Nxd8 19. Rd1 Qg4 20. Rxd8+ Rxd8 21. Bxb7 Bh6 22. a3 Bxf4 23. axb4 Bxe3 24. Qxe3 Qxb4 25. Nd5 Qxb2 26. Nxe7+ Kf8 27. Nd5 Kg7 28. Qg5 Qa1+ 29. Kf2 Re8 30. Qf6+ Kg8 31. Ne7+ Kf8 32. Nxg6+ Kg8 33. Ne7+ Kf8 34. Nf5 1-0


[Site "https://www.chess.com"]

[Event "Titled Tuesday Blitz December 13 Early 2022"]
[White "Maghsoodloo, Parham"]
[Black "Ambartsumova, Karina"]
[WhiteFideId "12539929"]
[BlackFideId "4166299"]
[WhiteElo "2946"]
[BlackElo "2606"]
[Result "1-0"]
[Round "04"]
[TimeControl "180+1"]
[Date "2022.12.14"]
[WhiteClock "0:01:46"]
[BlackClock "0:00:16"]

1. d4 Nf6 2. c4 e6 3. Nc3 d5 4. cxd5 exd5 5. Bg5 c6 6. e3 Be7 7. Bd3 Nbd7 8. Nge2 h6 9. Bh4 Nh5 10. Bxe7 Qxe7 11. Qc2 Nb6 12. Rb1 a5 13. O-O O-O 14. a3 Be6 15. Rbe1 Bd7 16. Nc1 a4 17. f3 c5 18. Qf2 Nf6 19. N3e2 Nc4 20. Bxc4 dxc4 21. e4 cxd4 22. Nxd4 Rfd8 23. Na2 Qc5 24. Ne2 Qxf2+ 25. Kxf2 Be8 26. Rd1 Rd3 27. Nb4 Rxd1 28. Rxd1 Kf8 29. Rd6 Rc8 30. Nc3 Ke7 31. Rb6 Bc6 32. Nxc6+ bxc6 33. Nxa4 Nd7 34. Rb7 1-0


[Site "https://www.chess.com"]

[Event "Titled Tuesday Blitz December 13 Early 2022"]
[White "Manukian, Artak"]
[Black "Sadubayev, Airat"]
[WhiteFideId "13301373"]
[BlackFideId "13713264"]
[WhiteElo "2130"]
[BlackElo "2160"]
[Result "1-0"]
[Round "04"]
[TimeControl "180+1"]
[Date "2022.12.14"]
[WhiteClock "0:00:31"]
[BlackClock "0:00:18"]

1. e4 c6 2. d4 d5 3. e5 Bf5 4. c4 e6 5. Nc3 Nd7 6. Nf3 Bg6 7. Bg5 Qb6 8. Qd2 Ne7 9. c5 Qc7 10. b4 Bh5 11. Be2 Bxf3 12. Bxf3 f6 13. exf6 gxf6 14. Bh5+ Ng6 15. Be3 O-O-O 16. a4 Rg8 17. O-O f5 18. Bxg6 hxg6 19. Bf4 e5 20. dxe5 Nxe5 21. Ne2 g5 22. Bxg5 Rd7 23. Nd4 Bh6 24. Bxh6 Qd8 25. Bf4 Rdg7 26. g3 Ng4 27. Ne6 Qf6 28. Nxg7 Qxg7 29. f3 Nf6 30. Be5 Qg6 31. Bxf6 Qxf6 32. Rad1 f4 33. g4 Rh8 34. Qd4 Qh6 35. Rf2 Qh3 36. Qxf4 1-0


[Site "https://www.chess.com"]

[Event "Titled Tuesday Blitz December 13 Early 2022"]
[White "Martin Duque, Jesus"]
[Black "Bazarov, Konstantin"]
[WhiteFideId "2208954"]
[BlackFideId "4137000"]
[WhiteElo "2297"]
[BlackElo "2228"]
[Result "0-1"]
[Round "04"]
[TimeControl "180+1"]
[Date "2022.12.14"]
[WhiteClock "0:00:10"]
[BlackClock "0:00:12"]

1. Nf3 Nf6 2. b3 d6 3. Bb2 c6 4. d4 Nbd7 5. g3 Qc7 6. Bg2 e5 7. dxe5 dxe5 8. e4 Bb4+ 9. c3 Bc5 10. O-O O-O 11. Nfd2 a5 12. a3 b5 13. b4 Bb6 14. c4 Ba6 15. c5 Ba7 16. Nc3 Rad8 17. Qe2 Bc8 18. Nb3 a4 19. Nc1 Rfe8 20. Nd3 Nf8 21. Rad1 Ne6 22. Nxe5 Qxe5 23. Nd5 Qg5 24. f4 Qh6 25. Nxf6+ gxf6 26. Rxd8 Nxd8 27. Rd1 Qg6 28. Rd6 Bg4 29. Qd2 Nb7 30. Rxf6 Qh5 31. Rxc6 Rd8 32. Qc3 Rd1+ 33. Kf2 f6 34. Rxf6 Nxc5 35. Rf8+ Kxf8 36. Qg7+ Ke8 37. Qg8+ Kd7 38. Qg7+ Kc8 39. Qxa7 Rd2+ 40. Kg1 Rd1+ 41. Kf2 Nd3+ 42. Ke3 Nxb2 43. Qa8+ Kd7 44. e5 Re1+ 45. Kf2 Re2+ 46. Kf1 Rxg2 47. Qb7+ Kd8 48. Qb8+ Ke7 49. Qd6+ Ke8 50. Qb8+ Kf7 51. Qc7+ Kg8 52. Qd8+ Kg7 53. Qf6+ Kg8 54. Qd8+ Kf7 55. Qf6+ Ke8 56. Kxg2 Bd7 57. e6 Bc6+ 58. Kf1 Qd1+ 59. Kf2 Qd2+ 60. Kg1 Qe1# 0-1


[Site "https://www.chess.com"]

[Event "Titled Tuesday Blitz December 13 Early 2022"]
[White "Matinian, Nikita"]
[Black "Aggelis, Nikolaos"]
[WhiteFideId "24129100"]
[BlackFideId "4213220"]
[WhiteElo "2422"]
[BlackElo "2189"]
[Result "1-0"]
[Round "04"]
[TimeControl "180+1"]
[Date "2022.12.14"]
[WhiteClock "0:01:35"]
[BlackClock "0:02:00"]

1. e4 e5 2. Nf3 Nc6 3. Bb5 a6 4. Ba4 Nf6 5. d3 d6 6. c4 g6 7. Nc3 Bg7 8. Nd5 h6 9. h3 Bd7 10. Be3 Ne7 11. Bxd7+ Nxd7 12. Qd2 c6 13. Nxe7 Qxe7 14. O-O Nf8 15. d4 exd4 16. Bxd4 Ne6 17. Bxg7 Nxg7 18. Rad1 Rd8 19. Rfe1 Ne6 20. Qe3 Qf6 21. e5 dxe5 22. Rxd8+ Qxd8 23. Nxe5 Qf6 24. Qb6 O-O 25. Nd7 Qd8 26. Qxb7 Re8 27. Qxc6 Nd4 28. Rxe8+ Qxe8 29. Nf6+ 1-0


[Site "https://www.chess.com"]

[Event "Titled Tuesday Blitz December 13 Early 2022"]
[White "Matveeva, Olga"]
[Black "Kim, Sergey"]
[WhiteFideId "24107018"]
[BlackFideId "13700570"]
[WhiteElo "2056"]
[BlackElo "2590"]
[Result "0-1"]
[Round "04"]
[TimeControl "180+1"]
[Date "2022.12.14"]
[WhiteClock "0:00:01"]
[BlackClock "0:00:32"]

1. d4 Nf6 2. c4 g6 3. Nf3 Bg7 4. g3 d6 5. Bg2 O-O 6. O-O Nbd7 7. Nc3 e5 8. e4 exd4 9. Nxd4 Re8 10. h3 Nc5 11. Re1 c6 12. b4 Ne6 13. Be3 h6 14. Rc1 Ng5 15. Bxg5 hxg5 16. Qd2 g4 17. h4 Nd7 18. Red1 Ne5 19. c5 dxc5 20. bxc5 Qe7 21. Na4 Rd8 22. Qb4 b5 23. Nc3 a5 24. Qb3 Bb7 25. Ncxb5 cxb5 26. c6 Ba6 27. Nxb5 Rxd1+ 28. Rxd1 Nxc6 29. e5 Rc8 30. Nd6 Rc7 31. e6 fxe6 32. Qb6 Be2 33. Rd2 Bf3 34. Bxf3 gxf3 35. Ne4 Ne5 36. Qb8+ Bf8 37. Ng5 Rd7 38. Rc2 Ng4 39. Rc1 Qd6 0-1


[Site "https://www.chess.com"]

[Event "Titled Tuesday Blitz December 13 Early 2022"]
[White "Mazurkiewicz, Michal"]
[Black "Khripachenko, Alexander"]
[WhiteFideId "1124943"]
[BlackFideId "54184975"]
[WhiteElo "2081"]
[BlackElo "2301"]
[Result "1/2-1/2"]
[Round "04"]
[TimeControl "180+1"]
[Date "2022.12.14"]
[WhiteClock "0:00:05"]
[BlackClock "0:01:29"]

1. e4 e5 2. Nf3 Nf6 3. d3 d5 4. exd5 Qxd5 5. g3 e4 6. dxe4 Qxd1+ 7. Kxd1 Nxe4 8. Be3 Nc6 9. c3 Bf5 10. Nh4 O-O-O+ 11. Kc2 Nxg3+ 12. Nxf5 Nxf5 13. Bh3 Ne7 14. Na3 Kb8 15. Rad1 Nxe3+ 16. fxe3 Rxd1 17. Rxd1 Nc6 18. Rd7 Bxa3 19. bxa3 Rf8 20. Bg2 Ne5 21. Re7 Ng6 22. Rd7 Ne5 23. Re7 Nc4 24. Kb3 Nd6 25. Bd5 Kc8 26. c4 Kd8 27. Re5 c6 28. c5 Nb5 29. Bc4 Nc7 30. a4 f6 31. Rh5 h6 32. Rh3 Re8 33. Rg3 g5 34. Rh3 b6 35. Kb4 Re4 36. cxb6 axb6 37. Kc3 b5 38. axb5 cxb5 39. Bd3 Ra4 40. Rxh6 Ke7 41. Rh7+ Kd6 42. Rf7 Nd5+ 43. Kb3 Rb4+ 44. Kc2 Rh4 45. e4 Rxh2+ 46. Kb3 Nf4 47. Rxf6+ Ke7 48. Rf5 Nxd3 49. Rxg5 Rb2+ 50. Kc3 Rxa2 51. Kxd3 Rb2 52. Kd4 b4 53. Rb5 b3 54. Kc4 Re2 55. Rxb3 Rxe4+ 56. Kc5 Re1 57. Kc4 1/2-1/2


[Site "https://www.chess.com"]

[Event "Titled Tuesday Blitz December 13 Early 2022"]
[White "Mendez Fortes, Eduardo Jesus"]
[Black "Salinas Herrera, Pablo"]
[WhiteFideId "3502376"]
[BlackFideId "3407128"]
[WhiteElo "2589"]
[BlackElo "2806"]
[Result "0-1"]
[Round "04"]
[TimeControl "180+1"]
[Date "2022.12.14"]
[WhiteClock "0:00:10"]
[BlackClock "0:00:13"]

1. e4 c5 2. Nf3 e6 3. d4 cxd4 4. Nxd4 a6 5. c4 Qc7 6. Nc3 b6 7. Be2 Bb7 8. f3 Nc6 9. Be3 Nf6 10. O-O Bd6 11. Kh1 Nxd4 12. Bxd4 Bxh2 13. Qb3 Bg3 14. Be3 O-O 15. Qxb6 Qxb6 16. Bxb6 d5 17. cxd5 exd5 18. exd5 Nxd5 19. Nxd5 Bxd5 20. Rfd1 Be6 21. Kg1 Rfc8 22. Bd4 h5 23. Bd3 Rd8 24. Be4 Rab8 25. b3 f5 26. Bc6 Kf7 27. Bf2 Bf4 28. g3 Be5 29. Rac1 f4 30. gxf4 Bxf4 31. Rb1 Bf5 32. Ra1 g5 33. Bd5+ Kg6 34. Bc4 a5 35. Re1 Rb7 36. Rad1 Rxd1 37. Rxd1 h4 38. Rd5 a4 39. Rb5 Rd7 40. Rd5 Rc7 41. Bb6 Rc6 42. Bf2 axb3 43. axb3 Rc8 44. Rd1 h3 45. Bd3 Rc3 46. Bxf5+ Kxf5 47. b4 Rxf3 48. b5 Rb3 49. b6 g4 50. Rd5+ Ke4 51. Rd4+ Kf3 52. Rd1 h2+ 53. Kh1 Kxf2 54. b7 Rxb7 55. Rf1+ Ke3 56. Re1+ Kd4 57. Rd1+ Ke4 58. Re1+ Be3 59. Rd1 g3 60. Kg2 Rh7 61. Rh1 Bf4 62. Re1+ Kf5 63. Rh1 Kg4 64. Kf1 Kf3 65. Ke1 g2 66. Kd1 gxh1=Q+ 67. Kc2 Qg2+ 68. Kb3 Rb7+ 69. Kc4 Qc2+ 70. Kd5 Rb5+ 71. Ke6 Qc6+ 72. Ke7 Rb7+ 73. Kd8 Qd7# 0-1


[Site "https://www.chess.com"]